 Dungeon Crawl Stone Soup version 0.19.3-1-g3169bf9 (webtiles) character file.

489 ChocoTaco the Ruffian (level 7, -1/58 (59) HPs)
             Began as a Ghoul Monk on Jan 26, 2017.
             Was a Believer of Okawaru.
             Slain by a gnoll
             ... wielding a +0 halberd
              (11 damage)
             ... on level 5 of the Dungeon.
             The game lasted 00:03:58 (4138 turns).

ChocoTaco the Ruffian (Ghoul Monk)                  Turns: 4138, Time: 00:03:58

HP:   -1/58 (59)    AC:  4    Str: 17    XL:     7   Next: 14%
MP:   5/8           EV: 17    Int:  5    God:    Okawaru [**....]
Gold: 195           SH:  0    Dex: 14    Spells: 0 memorised, 6 levels left

rFire  . . .     SeeInvis .       - Unarmed
rCold  + . .     Gourm    .     l - +2 robe {rN+}
rNeg   + + +     Faith    .     (no shield)
rPois  ∞         Spirit   .     (no helmet)
rElec  .         Reflect  .     (no cloak)
rCorr  .         Harm     .     (no gloves)
MR     .....                    (no boots)
Stlth  +++.......               (no amulet)
                                (no ring)
                                g - +3 ring of dexterity

@: heroism, rotting
A: rotting body, claws 1, carnivore 3, cold resistance 1, negative energy
resistance 3, slow regeneration 1, torment resistance, unbreathing
a: Heroism, Renounce Religion


You were on level 5 of the Dungeon.
You worshipped Okawaru.
Okawaru was pleased with you.
You were not hungry.

You visited 1 branch of the dungeon, and saw 5 of its levels.

You collected 195 gold pieces.

Inventory:

Armour
 a - a +0 robe
 l - a +2 robe of positive energy (worn)
Jewellery
 g - a +3 ring of dexterity (left claw)
Wands
 x - a wand of heal wounds (4/9)
Scrolls
 c - a scroll of fear {unknown}
 d - 3 scrolls of teleportation {unknown}
 e - a scroll of amnesia {unknown}
 i - a scroll of enchant weapon {unknown}
 j - 5 scrolls of identify {unknown}
 k - 3 scrolls of remove curse {unknown}
 m - a scroll of fog {unknown}
 q - 2 scrolls of blinking {unknown}
 u - a scroll of random uselessness {unknown}
Potions
 f - 3 potions of lignification {unknown}
 h - 2 potions of brilliance {unknown}
 p - a potion of degeneration {unknown}
 r - a potion of might {unknown}
 s - a potion of agility {unknown}
 t - a potion of ambrosia {unknown}
 v - a potion of flight {unknown}
Books
 n - a book of Minor Magic

   Spells                             Type                      Level
   a - Magic Dart                     Conjuration                  1
   b - Blink                          Translocation                2
   c - Call Imp                       Summoning                    2
   d - Repel Missiles                 Charms/Air                   2
   e - Slow                           Hexes                        2
   f - Conjure Flame                  Conjuration/Fire             3
   g - Mephitic Cloud                 Conjuration/Poison/Air       3
Comestibles
 b - 6 meat rations
 o - 2 bread rations
 w - a slice of pizza


   Skills:
 + Level 4.2(9.2) Fighting
 - Level 2.6(7.6) Dodging
 - Level 2.1(7.1) Stealth
 * Level 7.2(12.2) Unarmed Combat
 - Level 3.5 Invocations


You had 6 spell levels left.
You didn't know any spells.

Dungeon Overview and Level Annotations

Branches:
Dungeon (5/15)
 Temple: D:4-7

Altars:
Cheibriados
Kikubaaqudgha
Okawaru


Innate Abilities, Weirdness & Mutations

Your body is rotting away.
You thrive on raw meat.
You are immune to poison.
You have sharp fingernails.
You are carnivorous and can eat meat at any time.
Your flesh is cold resistant. (rC+)
You are immune to negative energy. (rN+++)
You regenerate slowly when monsters are visible.
You are immune to unholy pain and torment.
You can survive without breathing.


Message History

Okawaru accepts your kill.
Your base Fighting skill increases to level 4!
Your base Unarmed Combat skill increases to level 7!
You have reached level 7!
The gnoll barely misses you. The gnoll closely misses you.
You claw the gnoll!
The gnoll is almost dead.
The gnoll misses you. The gnoll completely misses you.
You completely miss the gnoll.
The gnoll is almost dead.
The gnoll hits you from afar with a halberd!
* * * LOW HITPOINT WARNING * * *
The gnoll barely misses you. x2; The gnoll hits you but does no damage.
You mangle the gnoll!!
You kill the gnoll!
Okawaru accepts your kill. The gnoll misses you.
The gnoll hits you with a spear.
* * * LOW HITPOINT WARNING * * *
The gnoll hits you from afar with a halberd!
You die...

### #.. .. ######## #.#
## . .......# #.# .#.#
.......# #.# .#.#
.......# ######.# ...#
.......# #......# ...#
.......# #......##g..#
.......###.......@†..#
.........'.......†gg.....
<#....####.....##........
.##.....##.....####.#..#.
.##.#.#.##......# .# .#
.##.#.#.#######.# .# #
.##.#.#.# ..# . #...#.#.#
.# # ......#.#


You could see 3 gnolls.

Vanquished Creatures
  A necrophage (D:5)
  An ogre (D:4)
  A scorpion (D:4)
  A crimson imp (D:5)
  A centaur zombie (D:5)
  An iguana (D:4)
  5 gnolls
  6 adders
  An ooze (D:3)
  A dart slug (D:1)
  4 leopard geckos
  5 bats
  4 giant cockroaches
  5 goblins
  7 hobgoblins
  10 jackals
  3 ball pythons
  10 frilled lizards
  A jackal skeleton (D:5)
  2 kobolds
  A leopard gecko skeleton (D:4)
  7 rats
78 creatures vanquished.

Notes
Turn   | Place    | Note
-------+----------+-------------------------------------------
     0 | D:1      | ChocoTaco the Ghoul Monk began the quest for the Orb.
     0 | D:1      | Reached XP level 1. HP: 19/19 MP: 0/0
   116 | D:1      | Reached XP level 2. HP: 24/26 MP: 1/1
   213 | D:1      | Reached skill level 4 in Unarmed Combat
   608 | D:1      | Reached XP level 3. HP: 21/31 MP: 2/2
  1199 | D:2      | Reached skill level 5 in Unarmed Combat
  1840 | D:2      | Reached XP level 4. HP: 38/38 MP: 3/3
  2786 | D:2      | Reached skill level 6 in Unarmed Combat
  2786 | D:2      | Reached XP level 5. HP: 43/45 MP: 4/4
  2921 | D:3      | Found an iron altar of Okawaru.
  2937 | D:3      | Became a worshipper of Warmaster Okawaru
  2937 | D:3      | Reached * piety under Okawaru
  2937 | D:3      | Reached ** piety under Okawaru
  3138 | D:3      | Reached skill level 1 in Invocations
  3618 | D:4      | Noticed an ogre
  3624 | D:4      | Killed an ogre
  3624 | D:4      | Reached XP level 6. HP: 51/51 MP: 3/7
  3849 | D:4      | Found a snail-covered altar of Cheibriados.
  3849 | D:4      | Found an ancient bone altar of Kikubaaqudgha.
  4058 | D:5      | Entered Level 5 of the Dungeon
  4126 | D:5      | Noticed a necrophage
  4135 | D:5      | Killed a necrophage
  4135 | D:5      | Reached skill level 7 in Unarmed Combat
  4135 | D:5      | Reached XP level 7. HP: 27/58 MP: 5/8
  4138 | D:5      | Slain by a gnoll

Skill      XL: |  1  2  3  4  5  6 |
---------------+-------------------+-----
Unarmed Combat | 4 5 6 7 |  7.2
Invocations    | 3 |  3.5
Fighting       | 4 |  4.2
Dodging        | |  2.6
Stealth        | |  2.1

Action                   |  1- 3 |  4- 6 |  7- 9 || total
-------------------------+-------+-------+-------++-------
Melee: Unarmed           |    99 |   155 |     3 ||   257
       Punch             |     3 |     2 |       ||     5
Invok: Heroism           |       |     2 |       ||     2
 Stab: Sleeping          |     4 |     6 |       ||    10
       Distracted        |       |     1 |       ||     1
  Eat: Chunk             |     4 |     6 |       ||    10
Armor: Robe              |    11 |    31 |     1 ||    43
Dodge: Dodged            |    51 |   123 |     7 ||   181
